 Dungeon Crawl Stone Soup version 0.29.1-15-g9cfb28693d (webtiles) character file.

Game seed: 8799632672347924744

56765 promet the Ogre Mage (level 14, -6/205 HPs)
             Began as an Ogre Air Elementalist on Mar 1, 2023.
             Was an Initiate of Lugonu.
             Mangled by an angel
             ... wielding a +2 sacred scourge of holy wrath
             ... created by the Shining One
              (21 damage)
             ... on level 5 of the Dungeon on Mar 3, 2023.
             The game lasted 03:50:58 (45578 turns).

promet the Ogre Mage (Ogre Air Elementalist)       Turns: 45578, Time: 03:50:59

Health: -6/205     AC: 10    Str: 18    XL:     14   Next: 83%
Magic:  4/30       EV: 11    Int: 20    God:    Lugonu [......]
Gold:   153        SH:  0    Dex: 11    Spells: 11/37 levels left

rFire   . . .      SeeInvis +   a - +4 morningstar "promet's Peril" {freeze, rElec rN+ Will-}
rCold   . . .      Faith    .   (no shield)
rNeg    + . .      Spirit   .   D - +2 robe
rPois   .          Reflect  .   (helmet restricted)
rElec   +          Harm     .   h - +2 cloak
rCorr   .          Rampage  .   (gloves unavailable)
Will    .....                   (boots unavailable)
Stlth   ..........              P - amulet of Nuihor {Regen+ Int+2}
HPRegen 1.24/turn               g - +4 ring of slaying
MPRegen 0.22/turn               L - ring "Pyfeyfer" {Fly Str+3}

@: berserking, flying, glowing, very quick
A: large, unfitting armour, tough skin 1, iridescent scales 1, see invisible
a: Renounce Religion


You were on level 5 of the Dungeon.
You worshipped Lugonu.
Lugonu was noncommittal.
You visited 3 branches of the dungeon, and saw 17 of its levels.
You visited the Abyss 1 time.

You collected 1241 gold pieces.
You spent 1088 gold pieces at shops.

Inventory:

Hand Weapons
 a - the +4 morningstar "promet's Peril" (weapon) {freeze, rElec rN+ Will-}
   (You bought it in a shop on level 6 of the Dungeon)

   It freezes those it strikes, dealing additional cold damage.
   It can also slow down cold-blooded creatures.
   rElec:     It insulates you from electricity.
   rN:        It protects you from negative energy.
   Will:      It decreases your willpower.
 b - a +0 arbalest
 c - a +2 short sword of venom
 d - a +6 battleaxe
 i - a +0 whip of freezing
 z - a +1 flail of protection
 A - a +2 dagger of speed
 E - a +1 long sword of holy wrath
 I - a +2 antimagic short sword
 O - a +4 great sword
Missiles
 e - 138 stones
 s - 8 poisoned darts
 t - 2 curare-tipped darts
 v - 15 boomerangs (quivered)
 Q - 5 javelins
Armour
 h - a +2 cloak (worn)
 D - a +2 robe (worn)
Jewellery
 g - a +4 ring of slaying (left hand)
 m - an amulet of magic regeneration
 n - an amulet of the acrobat
 p - a ring of fire
 q - a +4 ring of slaying
 r - a ring of resist corrosion
 w - an amulet of reflection
 F - a ring of poison resistance
 H - a +6 ring of strength
 L - the ring "Pyfeyfer" (right hand) {Fly Str+3}
   (You bought it in a shop on level 7 of the Dungeon)

   [ring of flight]

   Str:       It affects your strength (+3).
   Fly:       It grants you flight.
 N - a ring of positive energy
 P - the amulet of Nuihor (around neck) {Regen+ Int+2}
   (You bought it in a shop on level 7 of the Dungeon)

   [amulet of regeneration]

   Int:       It affects your intelligence (+2).
   Regen:     It increases your rate of health regeneration.
Wands
 f - a wand of quicksilver (3)
 j - a wand of flame (7)
 J - a wand of digging (1)
 K - a wand of mindburst (7)
Scrolls
 k - a scroll of fog
 y - 3 scrolls of teleportation
 G - 4 scrolls of identify
 M - a scroll of poison
Potions
 l - a potion of ambrosia
 o - a potion of berserk rage
 u - 3 potions of attraction
 x - 3 potions of lignification
 B - 2 potions of curing
 C - 3 potions of flight


   Skills:
 + Level 8.7 Fighting
 + Level 1.2(1.4) Short Blades
 + Level 1.1(1.4) Long Blades
 + Level 3.3(6.2) Axes
 + Level 7.2(7.5) Maces & Flails
 + Level 1.9(2.9) Polearms
 + Level 2.0 Ranged Weapons
 + Level 0.4 Throwing
 + Level 5.8 Dodging
 + Level 5.0 Stealth
 + Level 2.6 Shields
 + Level 0.1 Unarmed Combat
 + Level 12.2 Spellcasting
 + Level 6.3 Conjurations
 + Level 0.2 Hexes
 + Level 0.7 Summonings
 + Level 1.3 Necromancy
 + Level 1.2 Translocations
 + Level 1.1 Transmutations
 + Level 4.3 Fire Magic
 + Level 0.6 Ice Magic
 + Level 10.4 Air Magic
 + Level 1.3 Earth Magic
 + Level 1.0 Poison Magic
 + Level 10.8 Invocations
 * Level 4.6 Evocations


You had 11 spell levels left.
You knew the following spells:

 Your Spells              Type           Power      Damage    Failure   Level
a - Shock                 Conj/Air       100%       1d9       1%          1
b - Static Discharge      Conj/Air       45%        3-9/arc   1%          2
c - Swiftness             Air            52%        N/A       1%          3
d - Foxfire               Conj/Fire      100%       2x1d9     1%          1
e - Airstrike             Air            26%        2d(4-20)  1%          4
f - Conjure Flame         Conj/Fire      33%        6-21      1%          3
g - Flame Wave            Conj/Fire      33%        2d10      6%          4
h - Slow                  Hex            52%        N/A       4%          1
i - Frozen Ramparts       Ice            30%        1d5       12%         3
j - Hailstorm             Conj/Ice       26%        3d7       13%         4

Your spell library contained the following spells:

 Spells                   Type           Power      Damage    Failure   Level
 Apportation              Tloc           34%        N/A       3%          1
 Freeze                   Ice            60%        1d8       4%          1
 Inner Flame              Hex/Fire       21%        N/A       6%          3
 Vampiric Draining        Necr           17%        2d7       10%         3
 Ozocubu's Armour         Ice            15%        N/A       12%         3
 Confusing Touch          Hex            13%        N/A       14%         3
 Cause Fear               Hex            6%         N/A       43%         4
 Alistair's Intoxication  Tmut/Pois      10%        N/A       67%         5
 Metabolic Englaciation   Hex/Ice        7%         N/A       77%         5
 Simulacrum               Ice/Necr       8%         N/A       99%         6
 Dragon Form              Tmut           8%         N/A       100%        7
 Dragon's Call            Summ           7%         N/A       100%        9


Dungeon Overview and Level Annotations

Branches:
Dungeon (11/15)            Temple (0/1) D:6            Lair (5/5) D:9
 Shoals (0/4) Lair:2       Spider (0/4) Lair:3        Slime (0/5) Lair:5
    Orc (1/2) D:9

Altars:
Ashenzari
Dithmenos
Fedhas
Gozag
Hepliaklqana
Kikubaaqudgha
Makhleb
Ru
Trog
Vehumet
Wu Jian
Xom
Yredelemnul
The Shining One
Jiyva

Shops:
D:6 (   D:7 =   Orc:1 *

Portals:
Trove: D:10 (give 6 scrolls of fear)

Annotations:
D:9 2 transporters, Gastronok
Lair:1 2 runed translucent doors, valliere's ghost, journeyman OpVM


Innate Abilities, Weirdness & Mutations

You are too large for most types of armour.
You have tough skin. (AC +1)
You are partially covered in iridescent scales. (AC +2)
You have supernaturally acute eyesight. (SInv)


Message History

The air twists around and strikes the angel!
The angel is heavily wounded.
The angel hits you with a +2 sacred scourge of holy wrath!!
* * * LOW HITPOINT WARNING * * *
The angel completely misses you. The angel barely misses you.
The angel hits you but does no damage.
Casting: Airstrike (mildly dangerous; 1% risk of failure)
Confirm with . or Enter, or press ? or * to list all spells.
Aiming: Airstrike (mildly dangerous; 1% risk of failure)
Press: ? - help, Dir - move target, f/p - angel
Aim: an angel, wielding a +2 sacred scourge of holy wrath and wearing a +0 robe (heavily wounded, durably summoned, haloed, empty space bonus: 7/8)
The air twists around and strikes the angel!
The angel is heavily wounded.
The angel gestures.
The angel is healed somewhat.
Casting: Airstrike (mildly dangerous; 1% risk of failure)
Confirm with . or Enter, or press ? or * to list all spells.
You don't know that spell.
Unknown command.
Unknown command.
Casting: Airstrike (mildly dangerous; 1% risk of failure)
Confirm with . or Enter, or press ? or * to list all spells.
You don't have enough magic to cast this spell.
A red film seems to cover your vision as you go berserk!
You feel yourself moving faster!
You feel mighty! The angel barely misses you.
The angel hits you with a +2 sacred scourge of holy wrath.
* * * LOW HITPOINT WARNING * * *
The angel hits you with a +2 sacred scourge of holy wrath!
* * * LOW HITPOINT WARNING * * *
The angel hits you with a +2 sacred scourge of holy wrath.
* * * LOW HITPOINT WARNING * * *
You barely miss the angel.
The angel is moderately wounded.
The angel barely misses you.
The angel hits you with a +2 sacred scourge of holy wrath!
* * * LOW HITPOINT WARNING * * *
You closely miss the angel.
The angel is moderately wounded.
The angel hits you with a +2 sacred scourge of holy wrath!!
You die...

#.##..#..##.##.#####
#⌠#.._#_..#⌠##.....##
############........##########
#⌠#.._#_..#⌠.........##......#
#.##..#..##..........##......#
#..'#.#.#'.......<...##......#
##..#####............##......#
#...⌠#⌠.............##......#
#..............@...)##......#
#####..........A...)........#
##.......<..............#
#####.#.####...........#
#.#.####...........#
##.#...##>.......####
#..###.##......#..# #.##
#.........##.# #.#
##.........#.#


You could see an angel.

Vanquished Creatures
  A fire dragon (Lair:5)
  Erolcha (Orc:1)
  9 hydras
  An ogre mage (Orc:1)
  8 two-headed ogres
  3 death yaks (Lair:3)
  Urug (D:9)
  Sonja (Lair:4)
  5 lindwurms
  An orc sorcerer (Orc:1)
  A torpor snail (Lair:2)
  10 elephants
  2 molten gargoyles (Lair:5)
  12 black mambas
  A kobold demonologist (D:6)
  Psyche (D:10)
  9 cane toads
  2 rime drakes
  5 komodo dragons
  2 ice devils (Lair:4)
  3 polar bears
  2 hornets
  Grinder (D:4)
  11 blink frogs
  3 jumping spiders (Lair:3)
  A culicivora (Lair:3)
  2 wraiths
  Eustachio (D:4)
  77 yaks
  9 spriggans (Lair:2)
  A vampire (D:8)
  5 basilisks
  4 wyverns
  2 steam dragons (Lair:5)
  A warg (Orc:1)
  4 hell hounds
  11 water moccasins
  A sky beast (D:7)
  2 black bears
  5 orc warriors
  An ice beast (D:7)
  6 ogres
  4 centaurs
  A phantom (D:6)
  2 kobold brigands
  12 bullfrogs
  4 necrophages
  8 scorpions
  8 wights
  7 killer bees
  3 howler monkeys
  5 lava snakes (Lair:5)
  7 orc priests
  5 hounds
  2 jellies (D:5)
  2 gnoll boudas
  2 iguanas
  10 orc wizards
  13 hell rats
  5 adders
  10 gnolls
  A shadow imp (D:8)
  4 white imps
  3 ufetubi
  3 worms
  5 dart slugs
  31 orcs
  5 bats
  3 bat zombies (D:7)
  11 endoplasms
  6 giant cockroaches
  6 goblins
  6 hobgoblins
  6 jackals
  10 kobolds
  10 quokkas
  5 ball pythons
  5 frilled lizards
  4 rats
  2 rat zombies (D:7)
465 creatures vanquished.

Vanquished Creatures (others)
  An orc priest (D:10)
  64 foxfires
  49 fungi
  51 plants
165 creatures vanquished.

Grand Total: 630 creatures vanquished

Notes
Turn   | Place    | Note
-------+----------+-------------------------------------------
     0 | D:1      | promet the Ogre Air Elementalist began the quest for the
                  | Orb.
     0 | D:1      | Reached XP level 1. HP: 16/16 MP: 3/3
   333 | D:1      | Reached XP level 2. HP: 18/24 MP: 0/5
   509 | D:1      | Reached skill level 1 in Conjurations
   624 | D:1      | Learned a level 2 spell: Static Discharge
   790 | D:1      | Gained mutation: You are partially covered in iridescent
                  | scales. (AC +2) [potion of mutation]
   790 | D:1      | Gained mutation: You have supernaturally acute eyesight.
                  | (SInv) [potion of mutation]
   821 | D:1      | Reached XP level 3. HP: 27/31 MP: 7/7
   878 | D:1      | Found a faded altar of an unknown god.
  1736 | D:2      | Reached skill level 3 in Spellcasting
  2145 | D:2      | Found a glowing golden altar of the Shining One.
  2559 | D:2      | Reached XP level 4. HP: 8/40 MP: 3/8
  2964 | D:2      | Became a worshipper of the Shining One
  3314 | D:3      | Reached skill level 1 in Fighting
  3475 | D:3      | Learned a level 3 spell: Swiftness
  3816 | D:3      | Reached XP level 5. HP: 40/48 MP: 7/9
  4377 | D:4      | Reached skill level 1 in Maces & Flails
  4455 | D:4      | Noticed Grinder
  4463 | D:4      | Killed Grinder
  4464 | D:4      | Reached skill level 1 in Long Blades
  4464 | D:4      | Reached skill level 1 in Ranged Weapons
  4464 | D:4      | Reached XP level 6. HP: 40/57 MP: 2/11
  4630 | D:4      | Reached XP level 7. HP: 38/66 MP: 5/12
  4825 | D:4      | Noticed Eustachio
  5141 | D:3      | Reached skill level 4 in Spellcasting
  5313 | D:4      | Killed Eustachio
  5636 | D:4      | Found a shadowy altar of Dithmenos.
  5821 | D:4      | Reached XP level 8. HP: 61/75 MP: 6/14
  6023 | D:4      | Reached skill level 5 in Spellcasting
  6324 | D:4      | Learned a level 1 spell: Foxfire
  6325 | D:4      | Reached * piety under the Shining One
  7306 | D:5      | Entered Level 5 of the Dungeon
  8519 | D:5      | Reached skill level 1 in Short Blades
  8612 | D:5      | Learned a level 4 spell: Airstrike
  8621 | D:5      | Found a shimmering altar of Xom.
  8845 | D:5      | Found a glowing golden altar of the Shining One.
  8845 | D:5      | Found a basalt altar of Yredelemnul.
  8850 | D:5      | Found a radiant altar of Vehumet.
  8866 | D:5      | Found a hazy altar of Hepliaklqana.
  8934 | D:5      | Reached skill level 5 in Air Magic
  9271 | D:5      | Found a bloodstained altar of Trog.
  9291 | D:5      | Reached XP level 9. HP: 65/84 MP: 17/17
  9566 | D:6      | Noticed a kobold demonologist
  9572 | D:6      | Killed a kobold demonologist
  9573 | D:6      | Reached skill level 1 in Polearms
  9573 | D:6      | Reached skill level 6 in Spellcasting
 10146 | D:6      | Found Moshoss's Antique Weapon Emporium.
 10497 | D:6      | Bought an ancient morningstar for 225 gold pieces
 10497 | D:6      | Identified the +4 morningstar "promet's Peril" {freeze,
                  | rElec rN+ Will-} (You bought it in a shop on level 6 of the
                  | Dungeon)
 10541 | D:6      | Found a staircase to the Ecumenical Temple.
 10571 | D:6      | Learned a level 3 spell: Conjure Flame
 10648 | D:6      | Found a broken altar of Ashenzari.
 11038 | D:7      | Noticed a two-headed ogre
 11309 | D:7      | Reached skill level 5 in Fighting
 11602 | D:7      | Reached skill level 7 in Spellcasting
 11747 | D:7      | Killed a two-headed ogre
 11748 | D:7      | Reached XP level 10. HP: 90/96 MP: 12/21
 11997 | D:7      | Found Sejiaraa's Jewellery Boutique.
 12024 | D:7      | Found a blossoming altar of Fedhas.
 12352 | D:7      | Reached ** piety under the Shining One
 12559 | D:7      | Found an ancient bone altar of Kikubaaqudgha.
 12910 | D:8      | Reached skill level 5 in Conjurations
 12915 | D:8      | Reached skill level 1 in Shields
 13214 | D:8      | Reached skill level 8 in Spellcasting
 13290 | D:8      | Reached *** piety under the Shining One
 13770 | D:8      | Reached skill level 1 in Fire Magic
 14000 | D:8      | Found an ornate altar of the Wu Jian Council.
 14360 | D:8      | Found a burning altar of Makhleb.
 15956 | D:8      | Reached XP level 11. HP: 79/105 MP: 23/23
 15957 | D:8      | Reached skill level 5 in Maces & Flails
 15964 | D:9      | Paralysed by a hornet for 2 turns
 15968 | D:9      | The Shining One protects you from harm!
 15973 | D:9      | HP: 4/105 [hornet (11)]
 16824 | D:9      | Found a staircase to the Lair.
 16940 | D:9      | Learned a level 4 spell: Flame Wave
 17169 | D:9      | Learned a level 1 spell: Slow
 17483 | D:9      | Found a staircase to the Orcish Mines.
 17484 | D:9      | Noticed a two-headed ogre
 17919 | D:9      | Killed a two-headed ogre
 18333 | D:9      | Found an opulent altar of Gozag.
 18347 | D:9      | Found a transporter.
 18473 | D:9      | Found a transporter.
 18473 | D:9      | Found a viscous altar of Jiyva.
 18529 | D:10     | Entered Level 10 of the Dungeon
 18542 | D:10     | Noticed a two-headed ogre
 18542 | D:10     | Reached **** piety under the Shining One
 18545 | D:10     | Noticed Psyche
 18587 | D:9      | HP: 5/105 [yak (14)]
 19081 | D:9      | Reached skill level 1 in Invocations
 19294 | D:9      | Reached skill level 9 in Spellcasting
 19841 | D:10     | Noticed Gastronok
 20150 | D:10     | Killed Psyche
 20152 | D:10     | Noticed a two-headed ogre
 20157 | D:10     | Killed a two-headed ogre
 20158 | D:10     | Reached skill level 1 in Axes
 20161 | D:10     | Killed a two-headed ogre
 20933 | D:10     | Found a sacrificial altar of Ru.
 21404 | D:10     | Paralysed by a hornet for 2 turns
 21409 | D:10     | Paralysed by a hornet for 1 turns
 21691 | D:10     | Found a portal to a secret trove of treasure.
 22156 | D:11     | Noticed a boulder beetle
 22209 | Lair:1   | Entered Level 1 of the Lair of Beasts
 22220 | Lair:1   | Noticed a six-headed hydra
 22230 | Lair:1   | Killed a six-headed hydra
 22231 | Lair:1   | Reached XP level 12. HP: 115/115 MP: 19/25
 22391 | Lair:1   | Noticed a seven-headed hydra
 22406 | Lair:1   | Killed a seven-headed hydra
 23253 | Lair:1   | HP: 5/118 [poisoned by a black mamba]
 24393 | Lair:1   | Reached skill level 5 in Stealth
 24716 | Lair:1   | Found a large runed translucent door.
 24717 | Lair:1   | Found a large runed translucent door.
 24733 | Lair:1   | Noticed valliere's ghost (journeyman OpVM)
 25325 | Lair:2   | Found a staircase to the Shoals.
 26341 | Lair:2   | Reached skill level 10 in Spellcasting
 26870 | Lair:2   | Noticed a six-headed hydra
 26930 | Lair:2   | Killed a six-headed hydra
 26931 | Lair:2   | Reached skill level 5 in Invocations
 27989 | Lair:3   | Reached skill level 1 in Earth Magic
 28550 | Lair:3   | Reached XP level 13. HP: 119/126 MP: 18/27
 28995 | Lair:3   | Reached skill level 1 in Poison Magic
 29883 | Lair:3   | Reached skill level 1 in Translocations
 29898 | Lair:3   | Reached skill level 1 in Necromancy
 30139 | Lair:2   | Reached skill level 10 in Invocations
 30389 | Lair:3   | Reached skill level 1 in Transmutations
 31969 | Lair:3   | Reached skill level 5 in Dodging
 32466 | Lair:3   | Reached skill level 1 in Evocations
 32950 | Lair:3   | Found a hole to the Spider Nest.
 33281 | Lair:4   | Noticed Sonja
 33287 | Lair:4   | Killed Sonja
 35989 | Lair:5   | Entered Level 5 of the Lair of Beasts
 36393 | Lair:5   | Reached skill level 11 in Spellcasting
 36676 | Lair:5   | Reached XP level 14. HP: 135/135 MP: 15/29
 40256 | Lair:5   | Reached skill level 10 in Air Magic
 40401 | Lair:5   | Found a large runed translucent door.
 41072 | Lair:5   | Found a large runed translucent door.
 43023 | Lair:5   | Reached skill level 12 in Spellcasting
 43207 | Lair:5   | Found a staircase to the Slime Pits.
 43210 | Lair:5   | Found a viscous altar of Jiyva.
 43708 | D:7      | Bought the ring "Pyfeyfer" {Fly Str+3} for 369 gold pieces
 43708 | D:7      | Bought the amulet of Nuihor {Regen+ Int+2} for 494 gold
                  | pieces
 43903 | Orc:1    | Entered Level 1 of the Orcish Mines
 44012 | Orc:1    | Found Moill's Assorted Antiques.
 44154 | Orc:1    | Noticed Urug
 44803 | D:9      | Killed Urug
 45061 | D:9      | Learned a level 3 spell: Frozen Ramparts
 45066 | D:9      | Learned a level 4 spell: Hailstorm
 45268 | Orc:1    | Paralysed by an ogre mage for 2 turns
 45408 | Orc:1    | Noticed Erolcha
 45445 | Abyss:1  | Cast into level 1 of the Abyss (Erolcha)
 45449 | Abyss:1  | Found a corrupted altar of Lugonu.
 45493 | Abyss:1  | Fell from the grace of the Shining One
 45493 | Abyss:1  | Became a worshipper of Lugonu the Unformed
 45493 | Abyss:1  | Reached * piety under Lugonu
 45494 | Orc:1    | Escaped the Abyss
 45498 | Orc:1    | Killed Erolcha
 45568 | D:5      | Noticed an angel
 45578 | D:5      | Mangled by an angel

Illustrated notes

Levels and vault maps discovered:
D:1:      dpeg_arrival_yet_another_circle, layout_loops_ring,
          dreamdust_ecumenical_altar_statues
D:2:      layout_rooms, basic_altar, amethyst_killhole, minmay_misc_feat_tiny
D:3:      layout_loops_ring
D:4:      layout_loops_ring, grunt_dithmenos_smoke, st_stairs_2, uniq_eustachio,
          uniq_grinder
D:5:      layout_rooms, nicolae_overflow_quartered_altars, trog_butcher_becter,
          mainiacjoe_overflow_catwalk, minmay_stone_trees_small,
          minmay_misc_feat_rugged
D:6:      layout_cave_pools, mainiacjoe_overflow_chevrons,
          minmay_temple_entry_offerings, serial_shops, shop_fountains,
          moated_statue
D:7:      layout_loops_cross, mainiacjoe_overflow_paths,
          lemuel_zombie_altar_kikubaaqudgha, serial_shops, shop,
          minmay_misc_feat_tower
D:8:      layout_basic, kennysheep_little_box,
          mainiacjoe_overflow_concentric_impassable
D:9:      gammafunk_jiyva_shrine, layout_basic, grunt_gozag_breadcrumbs,
          grunt_lair_entry_orc_guard_hut
D:10:     layout_irregular_city, nicolae_ru_awakened_eye, serial_column_ruins,
          column_ruins_circle_medium, column_ruins_open_small,
          column_ruins_corridor_straight, column_ruins_corridor_straight,
          column_ruins_grid_2, column_ruins_open_tiny, enter_trove_2,
          uniq_gastronok, uniq_psyche
D:11:     layout_rooms, uniq_harold
Lair:1:   layout_concentric_octagons, ebering_ghost_disaster_area,
          grunt_forest_small_clearing_treed
Lair:2:   kb_forest_paths, layout_cave_pods, elwin_shoals_entry_rocks
Lair:3:   layout_regular_city, spider_nest_entry_funnel_web, grunt_megastairs_4
Lair:4:   layout_gridlike, portal_ice_cave_demonic_guard,
          chequers_serial_rivers_micro_b, grunt_megastairs_1, uniq_sonja
Lair:5:   cheibrodos_lair_end_hotspot, layout_cave_pods, slime_entry_1,
          serial_bayou_shore_b
Orc:1:    layout_caves, serial_shops, nicolae_shop_window_shopping, shop, shop,
          nicolae_shop_behind_doors, nicolae_shop_hallway_plus, basic_altar,
          uniq_urug, uniq_nergalle, uniq_erolcha, uniq_maurice

Skill      XL: |  1  2  3  4  5  6  7  8  9 10 11 12 13 14 |
---------------+-------------------------------------------+-----
Air Magic      | 3 4 5 6 7 8 9 10 | 10.4
Conjurations   | 1 2 3 4 5 6 |  6.3
Spellcasting   | 3 4 5 7 8 9 10 11 12 | 12.2
Fighting       | 1 2 3 4 5 6 7 8 |  8.7
Dodging        | 2 3 4 5 |  5.8
Maces & Flails | 1 2 4 6 7 |  7.2
Long Blades    | 1 |  1.1
Ranged Weapons | 1 2 |  2.0
Stealth        | 2 3 4 5 |  5.0
Short Blades   | 1 |  1.2
Polearms       | 1 |  1.9
Shields        | 1 2 |  2.6
Fire Magic     | 2 4 |  4.3
Invocations    | 3 7 10 | 10.8
Axes           | 2 3 |  3.3
Earth Magic    | 1 |  1.3
Poison Magic   | 1 |  1.0
Translocations | 1 |  1.2
Necromancy     | 1 |  1.3
Transmutations | 1 |  1.1
Evocations     | 2 4 |  4.6
Throwing       | |  0.4
Unarmed Combat | |  0.1
Hexes          | |  0.2
Summonings     | |  0.7
Ice Magic      | |  0.6

Action                   |  1- 3 |  4- 6 |  7- 9 | 10-12 | 13-15 || total
-------------------------+-------+-------+-------+-------+-------++-------
Melee: Unarmed           |    44 |       |       |       |       ||    44
       Punch             |     2 |     1 |     2 |     3 |     3 ||    11
       Whip              |    43 |    53 |    31 |       |     1 ||   128
       Dagger            |    26 |       |       |     2 |       ||    28
       Long sword        |     5 |    17 |       |       |       ||    22
       Short sword       |       |       |    94 |    10 |       ||   104
       Halberd           |       |       |    22 |       |       ||    22
       Flail             |       |       |    35 |       |       ||    35
       Morningstar       |       |       |    19 |   171 |   139 ||   329
       Battleaxe         |       |       |       |    29 |    13 ||    42
 Fire: Sling             |       |    10 |       |       |       ||    10
       Shortbow          |       |       |       |     2 |       ||     2
       Arbalest          |       |       |       |     7 |       ||     7
Throw: Dart              |       |       |     3 |     2 |       ||     5
       Boomerang         |       |       |       |       |     3 ||     3
 Cast: Shock             |    55 |    22 |   143 |   207 |   119 ||   546
       Static Discharge  |     6 |    10 |    39 |    67 |    93 ||   215
       Swiftness         |       |       |     4 |     4 |     3 ||    11
       Airstrike         |       |       |    11 |    35 |   184 ||   230
       Foxfire           |       |       |     2 |    10 |    25 ||    37
       Conjure Flame     |       |       |       |     4 |       ||     4
       Flame Wave        |       |       |       |     9 |     7 ||    16
       Slow              |       |       |       |     2 |     2 ||     4
       Frozen Ramparts   |       |       |       |       |     1 ||     1
Invok: Divine Shield     |       |       |       |     2 |     4 ||     6
       Cleansing Flame   |       |       |       |       |     4 ||     4
       Depart the Abyss  |       |       |       |       |     1 ||     1
Evoke: Wand              |       |     4 |     2 |     3 |     2 ||    11
  Use: Scroll            |     7 |     5 |     5 |    12 |     8 ||    37
       Potion            |     1 |     1 |     3 |    11 |     5 ||    21
 Stab: Sleeping          |     1 |       |       |       |       ||     1
Armor: Robe              |    63 |    12 |    74 |    88 |   114 ||   351
       Skin              |       |       |       |    22 |       ||    22
Dodge: Dodged            |    76 |    43 |   136 |   187 |   176 ||   618
Block: Other             |       |       |    15 |    56 |     9 ||    80
       Reflection        |       |       |     1 |     1 |       ||     2
